 Dungeon Crawl Stone Soup version 0.31-a0-981-geadf994542 (webtiles) character file.

Game seed: 10741561441600208916

508 BinkBink the Ducker (level 7, -4/56 (57) HPs)
             Began as a Merfolk Monk on Nov 1, 2023.
             Was a Believer of Qazlal.
             Slain by an orc warrior
             ... wielding a +0 trident
              (14 damage)
             ... on level 5 of the Dungeon.
             The game lasted 00:04:44 (3702 turns).

BinkBink the Ducker (Merfolk Monk)                  Turns: 3702, Time: 00:04:48

HP:   -4/56 (57)    AC:  4    Str: 19    XL:     7   Next: 18%
MP:   7/7           EV: 16    Int:  9    God:    Qazlal [**....]
Gold: 182           SH:  2    Dex: 18    Spells: 6/6 levels left

rFire   + . .        h - +1 short sword (speed)
rCold   + . .        d - orb {light}
rNeg    . . .        b - +0 robe
rPois   .            k - +1 helmet
rElec   .            c - scarf of Space {rC+ rF+, Str+7}
rCorr   .            (no gloves)
SInv    .            (no boots)
Will    .....        (no amulet)
Stlth   +            (no ring)
HPRegen 0.29/turn    (no ring)
MPRegen 0.10/turn

%: no passive effects
@: brilliant, glowing, studying Evocations, lightly drained
A: (nimble swimmer 2), mertail
a: Renounce Religion, Upheaval


You were on level 5 of the Dungeon.
You worshipped Qazlal.
Qazlal was pleased with you.
You visited 2 branches of the dungeon, and saw 6 of its levels.

You collected 182 gold pieces.

Inventory:

Hand Weapons
 a - a +0 falchion
 h - a +1 short sword of speed (weapon)
Armour
 b - a +0 robe (worn)
 c - the scarf of Space (worn) {rC+ rF+, Str+7}
   (You acquired it on level 2 of the Dungeon)

   Str+7:     It affects your strength (+7).
 d - an orb of light (worn)
 k - a +1 helmet (worn)
Jewellery
 f - a ring of magical power
 n - a ring of poison resistance
Talismans
 e - a flux talisman
Wands
 q - a wand of paralysis (12)
Potions
 g - a potion of curing
 i - a potion of lignification
 l - a potion of attraction
 o - a potion of degeneration {unknown}
 p - a potion of resistance {unknown}
 w - a potion of magic {unknown}


   Skills:
 + Level 5.7 Fighting
 + Level 6.2 Long Blades
 + Level 6.8 Dodging


You had 6 spell levels left.
You didn't know any spells.
Your spell library contained the following spells:

 Spells                   Type           Power      Damage    Failure   Level
 Apportation              Tloc           0%         N/A       38%         1
 Necrotise                Necr           0%         1d4       38%         1
 Summon Small Mammal      Summ           0%         N/A       38%         1
 Jinxbite                 Hex            0%         N/A       52%         2
 Dazzling Flash           Conj/Hex       0%         N/A       77%         3
 Agony                    Necr           0%         N/A       100%        5
 Alistair's Intoxication  Tmut/Pois      0%         N/A       100%        5
 Silence                  Hex/Air        0%         N/A       100%        5


Dungeon Overview and Level Annotations

Branches:
Dungeon (5/15)             Temple (1/1) D:4

Altars:
Cheibriados
Dithmenos
Fedhas
Gozag
Hepliaklqana
Kikubaaqudgha
Makhleb
Nemelex Xobeh
Okawaru
Qazlal
Ru
Sif Muna
Uskayaw
Vehumet
Wu Jian
Yredelemnul
Zin
The Shining One


Innate Abilities, Weirdness & Mutations

((You are very nimble when in or above water. (Stealth+, EV+, Speed+++)))
Your lower body shifts to a powerful aquatic tail in water.


Message History

You hit the dart slug.
You kill the dart slug!
Qazlal accepts your kill. The orc warrior misses you.
The orc warrior hits you with a +0 trident.
You hit the orc priest.
The orc priest is lightly wounded.
You hit the orc priest but do no damage.
The orc priest is lightly wounded.
The orc priest completely misses you. The orc warrior misses you.
You hit the orc priest.
The orc priest is moderately wounded.
You hit the orc priest.
The orc priest is heavily wounded.
The orc priest hits you with a +0 club. The orc warrior closely misses you.
The orc priest mumbles some strange prayers to Beogh against you.
You struggle to resist.
You hit the orc priest.
The orc priest is heavily wounded.
You hit the orc priest.
The orc priest is severely wounded.
The orc priest hits you with a +0 club.
The orc priest invokes the aid of Beogh against you.
Beogh smites you! The orc warrior misses you.
You hit the orc priest but do no damage.
The orc priest is severely wounded.
The orc priest hits you with a +0 club.
The orc priest hits you with a +1 hand axe of draining.
You feel drained. The orc warrior misses you.
You hit the orc priest but do no damage.
The orc priest is severely wounded.
You aren't carrying any scrolls.
It was a potion of brilliance.
You feel clever all of a sudden.
The orc priest invokes the aid of Beogh against you.
Beogh smites you!
* * * LOW HITPOINT WARNING * * *
The orc priest completely misses you. The orc hits you but does no damage.
The orc warrior hits you with a +0 trident!
You die...

..# ..# ..#
..# .. ....
###'### ....
#.oo..# ...
#.@o..# ..
#..o..# #.
#..####
##.##..##
#..<.>..#
#.?.....#
#.......# #
####...##
##.####...##
##########


You could see an orc warrior, 2 orc priests and an orc.

Vanquished Creatures
  A howler monkey (D:4)
  A jelly (D:4)
  A hound (D:4)
  2 orc priests (D:4)
  2 sleepcaps (D:4)
  Jessica (D:3)
  3 iguanas
  2 orc wizards
  3 gnolls (D:4)
  4 adders
  A shadow imp (D:5)
  2 dart slugs
  6 orcs
  4 bats
  5 endoplasms
  4 giant cockroaches
  6 hobgoblins
  5 jackals
  5 quokkas
  5 ball pythons
  A frilled lizard (D:1)
  7 kobolds
  A rat (D:1)
72 creatures vanquished.

Notes
Turn   | Place    | Note
-------+----------+-------------------------------------------
     0 | D:1      | BinkBink the Merfolk Monk began the quest for the Orb.
     0 | D:1      | Reached XP level 1. HP: 18/18 MP: 1/1
    75 | D:1      | Reached XP level 2. HP: 12/24 MP: 2/2
   625 | D:1      | Reached XP level 3. HP: 30/30 MP: 3/3
   831 | D:1      | Found a faded altar of an unknown god.
  1862 | D:2      | Identified a scroll of acquirement
  1862 | D:2      | Acquired the scarf of Space {rC+ rF+, Str+7}
  1903 | D:3      | Noticed Jessica
  1910 | D:3      | Killed Jessica
  1911 | D:3      | Reached skill level 5 in Dodging
  1911 | D:3      | Reached XP level 4. HP: 34/37 MP: 4/4
  2289 | D:3      | Reached XP level 5. HP: 43/43 MP: 5/5
  2609 | D:4      | Reached skill level 5 in Long Blades
  2863 | D:4      | Reached skill level 5 in Fighting
  2863 | D:4      | Reached XP level 6. HP: 48/51 MP: 6/6
  2904 | D:4      | Found a staircase to the Ecumenical Temple.
  2926 | Temple   | Entered the Ecumenical Temple
  2947 | Temple   | Became a worshipper of Qazlal Stormbringer
  2947 | Temple   | Reached * piety under Qazlal
  2947 | Temple   | Reached ** piety under Qazlal
  3220 | D:4      | Reached XP level 7. HP: 50/56 MP: 7/7
  3585 | D:5      | Entered Level 5 of the Dungeon
  3702 | D:5      | Slain by an orc warrior

Illustrated notes

Levels and vault maps discovered:
D:1:      zelgadis_glass_arrival_large, layout_basic,
          nicolae_ecumenical_snake_handling
D:2:      layout_basic
D:3:      layout_loops_ring, minmay_misc_feat_plants, minmay_misc_feat_encased,
          uniq_jessica
D:4:      layout_gridville, minmay_temple_entry_large_hall,
          minmay_manual_mandibuliform
D:5:      layout_gridville, nrook_pool_corridor, hangedman_abyss_or_decor_slice,
          uniq_crazy_yiuf_cottage
Temple:   regret_index_temple_mists

Skill      XL: |  1  2  3  4  5  6 |
---------------+-------------------+-----
Long Blades    | 4 5 6 |  6.2
Fighting       | 4 5 |  5.7
Dodging        | 5 6 |  6.8

Action                     |  1- 3 |  4- 6 |  7- 9 || total
---------------------------+-------+-------+-------++-------
  Melee: Falchion          |    61 |       |       ||    61
         Short sword       |    24 |   180 |    81 ||   285
    Use: Potion            |     1 |       |     1 ||     2
         Scroll            |     1 |     6 |     6 ||    13
 Armour: Robe              |    33 |    40 |    23 ||    96
  Dodge: Dodged            |    68 |    77 |    36 ||   181
  Block: Orb               |       |     5 |     4 ||     9

Table legend: (Time is in decaauts)
 A = Elapsed time spent in this place.
 B = Non-inter-level travel time spent in this place.
 C = Inter-level travel time spent in this place.
 D = Time resting spent in this place.
 E = Time spent auto-exploring this place.
 F = Levels seen in this place.
 G = Mean time per level.
                   A        B        C        D        E       F      G
               +--------+--------+--------+--------+--------+-----+--------+
         Total |   3571 |   3357 |    214 |    221 |   2592 |   6 |  595.2 |
       Dungeon |   3539 |   3355 |    184 |    221 |   2592 |   5 |  707.8 |
        Temple |     31 |      1 |     30 |      0 |      0 |   1 |   31.0 |
               +--------+--------+--------+--------+--------+-----+--------+

Top non-repeatable levels by time:
     D:1: 1109 daAuts
     D:4: 915 daAuts
     D:2: 768 daAuts
     D:3: 644 daAuts
     D:5: 101 daAuts
  Temple: 31 daAuts
